 Dungeon Crawl Stone Soup version 0.26-a0-639-g72c4674329 (webtiles) character file.

Game seed: 12201615398157356938

978 Borgoz the Ruffian (level 8, -4/68 HPs)
             Began as a Ghoul Gladiator on Sept 17, 2020.
             Slain by Maggie
             ... wielding a +2 vorpal scimitar
              (6 damage)
             ... on level 6 of the Dungeon.
             The game lasted 00:06:34 (5447 turns).

Borgoz the Ruffian (Ghoul Gladiator)                Turns: 5447, Time: 00:06:35

Health: -4/68      AC:  6    Str: 20    XL:     8   Next: 17%
Magic:  7/7        EV: 12    Int:  3    God:
Gold:   237        SH:  0    Dex: 10    Spells: 7/7 levels left

rFire    . . .     SeeInvis .     - Unarmed
rCold    + . .     Faith    .   (no shield)
rNeg     + + +     Spirit   .   j - +0 ring mail
rPois    ∞         Reflect  .   b - +0 helmet
rElec    .         Harm     .   (no cloak)
rCorr    .         Rampage  .   (no gloves)
MR       +....                  (no boots)
Stlth    ..........             (no amulet)
HPRegen  0.00/turn              s - ring of protection from magic
MPRegen  0.10/turn              (no ring)

@: mighty, mesmerised
A: rotting body, claws 1, cold resistance 1, negative energy resistance 3,
inhibited regeneration, torment resistance, unbreathing
a: no special abilities


You were on level 6 of the Dungeon.
You visited 1 branch of the dungeon, and saw 6 of its levels.

You collected 237 gold pieces.

Inventory:

Armour
 b - a +0 helmet (worn)
 j - a +0 ring mail (worn)
Jewellery
 s - a ring of protection from magic (left claw)
Wands
 p - a wand of flame (17)
Scrolls
 d - 3 scrolls of remove curse
 f - 2 scrolls of enchant armour
 g - 5 scrolls of teleportation
 i - a scroll of magic mapping
 k - a scroll of noise {unknown}
 l - a scroll of amnesia {unknown}
 o - 2 scrolls of immolation {unknown}
 q - a scroll of blinking {unknown}
 r - 2 scrolls of enchant weapon {unknown}
 v - a scroll of fear {unknown}
 w - a scroll of fog {unknown}
Potions
 a - 3 potions of haste
 e - 2 potions of brilliance
 h - 3 potions of curing
 m - a potion of flight
 u - a potion of heal wounds


   Skills:
 + Level 5.3 Fighting
 + Level 4.4 Throwing
 + Level 5.0 Dodging
 + Level 6.0 Unarmed Combat


You had 7 spell levels left.
You didn't know any spells.
Your spell library was empty.

Dungeon Overview and Level Annotations

Branches:
Dungeon (6/15)
 Temple: D:4-7

Altars:
Qazlal
Ru
Vehumet

Annotations:
D:6 Maggie


Innate Abilities, Weirdness & Mutations

Your body is rotting away.
You thrive by killing the living.
You are immune to poison.
You have sharp fingernails.
Your flesh is cold resistant. (rC+)
You are immune to negative energy. (rN+++)
You do not regenerate when monsters are visible.
You are immune to unholy pain and torment.
You can survive without breathing.


Message History

You scratch Maggie.
Maggie is lightly wounded.
The bullfrog skeleton hits you.
* * * LOW HITPOINT WARNING * * *
Maggie hits you with a +2 vorpal scimitar.
* * * LOW HITPOINT WARNING * * *
x2 You claw Maggie!
Maggie is moderately wounded.
The bullfrog skeleton completely misses you.
Maggie barely misses you.
The bullfrog skeleton hits you but does no damage.
You claw Maggie! You claw Maggie, but do no damage.
Maggie is heavily wounded.
Maggie hits you with a +2 vorpal scimitar!
* * * LOW HITPOINT WARNING * * *
x2 The bullfrog skeleton barely misses you.
You scratch Maggie.
Maggie is heavily wounded.
Maggie hits you with a +2 vorpal scimitar.
You die...

***,,,,...........#.........*
*,*,,,,.......(.............*
***,*,,,,.................#**,*
8**,*,,,,..............#..# #.*
,,*,*,,,,...........##....# #.#
,,*,,,,,,..........####...###.#
∩,*,,,,,,..........#....>...#.###
,,*,,,,,,.......Z..#.###.........
,,*,,,,**#####.#@#.#.* #.........
8**,,,,******#.#@#.#.* #.........
***,,,,*,,,,,.,#.#.#.* #.........
*>,,,*,***#**#.#.#.* #.........
*,,,,*,*<,,,,.(#.#.* #.........
*,,,,,,******###.#.###.........
*,,,,,,,,,,,,,,,,#.............
***,,,,************#####.........
,,,,*,** #.........


You could see Maggie (mesmerising, fast) and a bullfrog skeleton.

Vanquished Creatures
  2 ogres (D:4)
  A centaur (D:5)
  A bullfrog (D:6)
  A howler monkey (D:5)
  A centaur zombie (D:5)
  A jelly (D:5)
  An orc priest (D:3)
  A hound (D:5)
  4 orc wizards
  An iguana (D:5)
  2 worker ants
  A mummy (D:4)
  A hound skeleton (D:4)
  A hound zombie (D:5)
  Robin (D:3)
  10 adders
  2 ufetubi
  3 oozes
  An adder skeleton (D:4)
  3 worms (D:3)
  A dart slug (D:1)
  10 leopard geckos
  17 orcs
  3 ball pythons (D:3)
  7 giant cockroaches
  8 hobgoblins
  2 jackals (D:4)
  3 quokkas
  5 bats
  8 frilled lizards
  16 goblins
  A hobgoblin zombie (D:4)
  4 kobolds (D:3)
  3 kobold zombies (D:4)
  5 rats
132 creatures vanquished.

Vanquished Creatures (others)
  A bat (D:2)
  4 plants (D:5)
5 creatures vanquished.

Grand Total: 137 creatures vanquished

Notes
Turn   | Place    | Note
-------+----------+-------------------------------------------
     0 | D:1      | Borgoz the Ghoul Gladiator began the quest for the Orb.
     0 | D:1      | Reached XP level 1. HP: 17/17 MP: 0/0
   162 | D:1      | Reached XP level 2. HP: 25/25 MP: 1/1
   620 | D:2      | Found a radiant altar of Vehumet.
   641 | D:2      | Reached XP level 3. HP: 27/30 MP: 2/2
   970 | D:2      | Found a sacrificial altar of Ru.
  1524 | D:3      | Reached XP level 4. HP: 37/37 MP: 3/3
  1559 | D:3      | Reached skill level 4 in Unarmed Combat
  1573 | D:3      | HP: 1/38 [orc/+0 trident (1)]
  1576 | D:3      | Reached XP level 5. HP: 9/45 MP: 4/4
  2246 | D:3      | Noticed Robin
  2269 | D:3      | Reached XP level 6. HP: 34/52 MP: 5/5
  2286 | D:3      | Killed Robin
  2657 | D:3      | Found a stormy altar of Qazlal.
  3241 | D:4      | Reached skill level 5 in Unarmed Combat
  3700 | D:4      | Reached XP level 7. HP: 35/59 MP: 6/6
  4093 | D:5      | Entered Level 5 of the Dungeon
  4619 | D:5      | Reached skill level 5 in Fighting
  4971 | D:5      | Reached XP level 8. HP: 68/68 MP: 7/7
  5397 | D:6      | Reached skill level 5 in Dodging
  5397 | D:6      | Reached skill level 6 in Unarmed Combat
  5434 | D:6      | Noticed Maggie
  5446 | D:6      | HP: 3/68 [Maggie/+2 vorpal scimitar (13)]
  5447 | D:6      | Slain by Maggie

Illustrated notes

Levels and vault maps discovered:
D:1:      wander_arrival_peaceful_grave, layout_rooms
D:2:      layout_loops_corners, fiery_altar_vehumet, nicolae_ru_path_of_blood
D:3:      layout_basic, grunt_qazlal_sundering, uniq_robin
D:4:      layout_basic, minmay_mini_ossuary
D:5:      layout_cave_pools, kennysheep_boxes
D:6:      layout_basic, chequers_ossuary_entry_cave, uniq_maggie

Skill      XL: |  1  2  3  4  5  6  7  8 |
---------------+-------------------------+-----
Throwing       | 2 3 4 |  4.4
Dodging        | 3 4 5 |  5.0
Fighting       | 3 4 5 |  5.3
Unarmed Combat | 4 5 6 |  6.0

Action                   |  1- 3 |  4- 6 |  7- 9 || total
-------------------------+-------+-------+-------++-------
Melee: Unarmed           |   100 |   236 |   155 ||   491
       Punch             |     1 |     3 |     4 ||     8
Throw: Throwing net      |       |     5 |     3 ||     8
  Use: Potion            |       |     7 |     1 ||     8
       Scroll            |       |     7 |     3 ||    10
Armor: Leather armour    |    30 |    13 |       ||    43
       Ring mail         |       |    70 |    55 ||   125
Dodge: Dodged            |    55 |   179 |   117 ||   351

Table legend: (Time is in decaauts)
 A = Elapsed time spent in this place.
 B = Non-inter-level travel time spent in this place.
 C = Inter-level travel time spent in this place.
 D = Time resting spent in this place.
 E = Time spent auto-exploring this place.
 F = Levels seen in this place.
 G = Mean time per level.
                   A        B        C        D        E       F      G
               +--------+--------+--------+--------+--------+-----+--------+
         Total |   5401 |   5240 |    161 |   1080 |   3259 |   6 |  900.2 |
       Dungeon |   5401 |   5240 |    161 |   1080 |   3259 |   6 |  900.2 |
               +--------+--------+--------+--------+--------+-----+--------+

Top non-repeatable levels by time:
     D:3: 1659 daAuts
     D:5: 1137 daAuts
     D:4: 1009 daAuts
     D:2: 931 daAuts
     D:1: 464 daAuts
     D:6: 200 daAuts
